 Dungeon Crawl Stone Soup version 0.29.1-1-gd02db6906a (webtiles) character file.

Game seed: 5336755820338569225

367 lonewolfV2 the Covered (level 6, -3/56 HPs)
             Began as a Minotaur Fighter on Oct 17, 2022.
             Slain by a yak (14 damage)
             ... on level 4 of the Dungeon.
             The game lasted 00:04:17 (3045 turns).

lonewolfV2 the Covered (Minotaur Fighter)           Turns: 3045, Time: 00:04:18

Health: -3/56      AC:  7    Str: 23    XL:     6   Next: 41%
Magic:  5/5        EV: 13    Int:  5    God:
Gold:   120        SH:  4    Dex:  9    Spells: 5/5 levels left

rFire   . . .      SeeInvis .   j - +0 hand axe (vamp)
rCold   . . .      Faith    .   c - +0 buckler
rNeg    . . .      Spirit   .   b - +0 scale mail
rPois   .          Reflect  .   (helmet restricted)
rElec   .          Harm     .   (no cloak)
rCorr   .          Rampage  .   (no gloves)
Will    .....                   (no boots)
Stlth   ..........              (no amulet)
HPRegen 0.18/turn               e - +4 ring of evasion
MPRegen 0.09/turn               (no ring)

@: no status effects
A: horns 2, retaliatory headbutt
a: no special abilities


You were on level 4 of the Dungeon.
You visited 1 branch of the dungeon, and saw 4 of its levels.

You collected 120 gold pieces.

Inventory:

Hand Weapons
 a - a +0 war axe
 j - a +0 vampiric hand axe (weapon)
Armour
 b - a +0 scale mail (worn)
 c - a +0 buckler (worn)
Jewellery
 e - a +4 ring of evasion (left hand)
Scrolls
 f - a scroll of identify
 l - a scroll of amnesia
Potions
 d - 2 potions of might
 h - a potion of invisibility
 i - a potion of heal wounds {unknown}
 k - a potion of flight
 m - a potion of cancellation {unknown}
 n - a potion of brilliance {unknown}
 o - a potion of degeneration {unknown}


   Skills:
 + Level 5.3 Fighting
 + Level 4.5 Axes
 + Level 5.4 Armour
 + Level 5.3 Shields


You had 5 spell levels left.
You didn't know any spells.
Your spell library contained the following spells:

 Spells                   Type           Power      Damage    Failure   Level
 Slow                     Hex            0%         N/A       86%         1
 Confusing Touch          Hex            0%         N/A       99%         3
 Vampiric Draining        Necr           0%         2d6       99%         3


Dungeon Overview and Level Annotations

Branches:
Dungeon (4/15)
 Temple: D:4-7

Altars:
Sif Muna


Innate Abilities, Weirdness & Mutations

You have a pair of horns on your head.
You reflexively headbutt those who attack you in melee.


Message History

The yak gores you but does no damage.
You hit the yak but do no damage.
A kobold comes into view. It is wielding a +0 dagger.
The yak gores you.
You hit the yak.
You feel better.
The yak is lightly wounded.
You hit the yak.
You feel better. The yak closely misses you. You block the yak's attack.
You hit the yak.
The yak is lightly wounded.
You hit the yak. The yak gores you. The yak gores you but does no damage.
You hit the yak.
You feel better.
Your headbutt misses the yak.
The yak is moderately wounded.
You hit the yak but do no damage. The yak gores you but does no damage.
The yak barely misses you.
You hit the yak but do no damage.
The yak is moderately wounded.
You hit the yak.
You feel better. The yak barely misses you. The yak gores you!
You hit the yak.
You feel better.
You headbutt the yak!
The yak is heavily wounded.
You hit the yak.
You feel better. The yak barely misses you. You furiously retaliate!
You headbutt the yak. The yak barely misses you.
You closely miss the yak. Your headbutt misses the yak.
The yak is heavily wounded.
You hit the yak but do no damage. The yak gores you!
The yak closely misses you. The yak barely misses you. You furiously retaliate!
You headbutt the yak. You hit the yak but do no damage. You headbutt the yak!
The yak is moderately wounded.
You hit the yak. x2; The yak gores you! You block the yak's attack.
The yak gores you.
You hit the yak.
You feel better.
The yak is moderately wounded.
You hit the yak but do no damage. You hit the yak. The yak gores you!
* * * LOW HITPOINT WARNING * * *
The yak gores you but does no damage. The yak closely misses you.
You feel better. The yak gores you!
* * * LOW HITPOINT WARNING * * *
The yak gores you but does no damage. The yak gores you!
You die...

#. #.# ########..#
###.........#
##Y..........# #
##Y@.#.......#
<...##KY####.....##
#.....J# #......#
###...## #.####..#
......# #.# .#
....#. #.## .
...#)# ##.## ..#.#
#..## Y.#. ##..##


You could see 3 yaks, an endoplasm and a kobold.

Vanquished Creatures
  2 centaurs (D:3)
  A hound (D:4)
  An orc priest (D:3)
  Jessica (D:2)
  An orc wizard (D:3)
  3 adders (D:2)
  2 dart slugs
  3 orcs (D:3)
  5 ball pythons
  7 endoplasms
  3 giant cockroaches
  6 goblins
  4 hobgoblins
  3 jackals (D:3)
  2 quokkas (D:1)
  10 bats
  6 frilled lizards
  6 kobolds
  3 rats (D:1)
69 creatures vanquished.

Vanquished Creatures (others)
  2 plants (D:4)
2 creatures vanquished.

Grand Total: 71 creatures vanquished

Notes
Turn   | Place    | Note
-------+----------+-------------------------------------------
     0 | D:1      | lonewolfV2 the Minotaur Fighter began the quest for the
                  | Orb.
     0 | D:1      | Reached XP level 1. HP: 19/19 MP: 0/0
    67 | D:1      | Found a faded altar of an unknown god.
   183 | D:1      | Reached XP level 2. HP: 27/27 MP: 1/1
   925 | D:2      | Noticed Jessica
   935 | D:2      | Killed Jessica
   936 | D:2      | Reached XP level 3. HP: 27/33 MP: 2/2
  1157 | D:2      | Reached XP level 4. HP: 40/40 MP: 3/3
  2246 | D:3      | Reached XP level 5. HP: 35/47 MP: 4/4
  2351 | D:3      | Noticed a centaur
  2362 | D:3      | Killed a centaur
  2363 | D:3      | Reached skill level 5 in Fighting
  2363 | D:3      | Reached skill level 5 in Armour
  2363 | D:3      | Reached skill level 5 in Shields
  2570 | D:3      | Found a shimmering blue altar of Sif Muna.
  2674 | D:3      | Noticed a centaur
  2679 | D:3      | Killed a centaur
  2680 | D:3      | Reached XP level 6. HP: 35/56 MP: 5/5
  3027 | D:4      | Noticed a yak
  3028 | D:4      | Noticed a yak
  3029 | D:4      | Noticed a yak
  3045 | D:4      | Slain by a yak

Illustrated notes

Levels and vault maps discovered:
D:1:      psy_arrival_radial02, layout_basic, hellmonk_ecumenical_altar_blasted
D:2:      layout_basic, uniq_jessica
D:3:      layout_rooms, mainiacjoe_overflow_alcove_1
D:4:      layout_layer_cave, grunt_temple_overflow_open, serial_bayou,
          serial_bayou_pond_a, serial_bayou_pond_e, serial_bayou_pond_c,
          serial_bayou_lake_a

Skill      XL: |  1  2  3  4  5 |
---------------+----------------+-----
Armour         | 4 5 |  5.4
Fighting       | 4 5 |  5.3
Axes           | 3 4 |  4.5
Shields        | 4 5 |  5.3

Action                   |  1- 3 |  4- 6 || total
-------------------------+-------+-------++-------
Melee: War axe           |    40 |       ||    40
       Headbutt          |     6 |    17 ||    23
       Hand axe          |     3 |   113 ||   116
  Use: Scroll            |     4 |     5 ||     9
       Potion            |       |     3 ||     3
Armor: Scale mail        |    21 |    39 ||    60
Dodge: Dodged            |    47 |    92 ||   139
Block: Buckler           |     7 |    24 ||    31
